 Dungeon Crawl Stone Soup version 0.30.1-9-gdf580d7c3d (webtiles) character file.

Game seed: 17752213791898140499

75 KittyFluff the Cudgeller (level 4, -3/29 HPs)
             Began as a Gargoyle Berserker on Oct 3, 2023.
             Was a Believer of Trog.
             Slain by Crazy Yiuf
             ... wielding a +4 quarterstaff of chaos
              (5 damage)
             ... on level 2 of the Dungeon.
             The game lasted 00:04:42 (1303 turns).

KittyFluff the Cudgeller (Gargoyle Berserker)       Turns: 1303, Time: 00:04:43

Health: -3/29      AC:  9    Str: 20    XL:     4   Next: 31%
Magic:  4/4        EV: 12    Int:  8    God:    Trog [**....]
Gold:   75         SH:  0    Dex: 11    Spells: 3/3 levels left

rFire   . . .        a - +0 mace
rCold   . . .        (no shield)
rNeg    + . .        j - +2 animal skin
rPois   ∞            i - +0 helmet
rElec   +            (no cloak)
rCorr   .            (no gloves)
SInv    .            (no boots)
Will    .....        (no amulet)
Stlth   +            (no ring)
HPRegen 0.24/turn    (no ring)
MPRegen 0.09/turn

%: no passive effects
@: confused, on berserk cooldown, slowed, very slow
A: sickness immunity, AC +3, negative energy resistance 1, electricity
resistance, torment resistance 1, petrification resistance
a: Renounce Religion, Berserk, Trog's Hand


You were on level 2 of the Dungeon.
You worshipped Trog.
Trog was pleased with you.
You visited 1 branch of the dungeon, and saw 2 of its levels.

You collected 75 gold pieces.

Inventory:

Hand Weapons
 a - a +0 mace (weapon)
Armour
 i - a +0 helmet (worn)
 j - a +2 animal skin (worn)
Wands
 h - a wand of flame (21)
Scrolls
 c - 2 scrolls of magic mapping {unknown}
 d - a scroll of enchant weapon {unknown}
 k - 2 scrolls of fog {unknown}
 l - 4 scrolls of identify {unknown}
 m - a scroll of poison {unknown}
Potions
 b - a potion of attraction {unknown}
 e - a potion of mutation {unknown}
 f - 2 potions of curing {unknown}
 g - a potion of haste {unknown}


   Skills:
 + Level 3.7 Fighting
 * Level 3.8 Maces & Flails
 * Level 3.2 Armour
 + Level 2.0 Dodging


You had 3 spell levels left.
You didn't know any spells.
Your spell library was empty.

Dungeon Overview and Level Annotations

Branches:
Dungeon (2/15)

Altars:

Annotations:
D:2 Crazy Yiuf


Innate Abilities, Weirdness & Mutations

You are immune to sickness and miasma.
Your stone body is resilient. (AC +3)
You are immune to poison.
You resist negative energy. (rN+)
You are resistant to electric shocks. (rElec)
You are resistant to unholy torment.
You are immune to petrification.


Message History

Trog accepts your kill.
You see here a bat corpse.
Found three hammers.
You see here a +0 hammer.
Found six hammers and a glowing hammer.
Found a runed translucent door.
You see here a +0 hammer.
Found a smoking hammer.
Crazy Yiuf shouts!
You see here a +0 hammer.
You see here a +0 hammer.
Press: ? - help, v - describe, . - travel, g - get item Item here: a smoking hammer.
The floor.
Found three hammers.
You see here a +0 hammer.
You open the door.
A red film seems to cover your vision as you go berserk!
You feel yourself moving faster!
You feel mighty!
Crazy Yiuf hits you with a +4 quarterstaff of chaos!
You are confused.
You bump into the tree.
You feel a strong urge to attack something.
Crazy Yiuf hits you with a +4 quarterstaff of chaos.
You bump into the tree.
Crazy Yiuf closely misses you.
You bump into the stone wall.
You feel your anger nearly subside.
You bump into the stone wall.
You are no longer berserk.
You are exhausted.
You feel yourself slow down. Crazy Yiuf barely misses you.
You closely miss Crazy Yiuf.
Crazy Yiuf hits you with a +4 quarterstaff of chaos.
Space warps around you.
Crazy Yiuf hits you with a +4 quarterstaff of chaos.
You resist with some effort. Crazy Yiuf attacks as you move away!
Crazy Yiuf hits you with a +4 quarterstaff of chaos!
* * * LOW HITPOINT WARNING * * *
Space warps around you.
You die...

#####.#
..............
##.....#
##.#####+#.###
#..###.# #...###
#.## ###
####.#..## #.#
#......... #.#
####.#...#
#.###♣♣ ###
#.###.# #.....♣♣
♣♣#)))# . #.#
#......♣♣♣♣@g)).#
## #..
##.....)♣))♣#)))#
#.. ##...)♣)♣♣♣
### #######'#
###♣♣♣♣♣
.........
.........
.........
.........
.........
.........


You could see Crazy Yiuf.

Vanquished Creatures
  Robin (D:2)
  An adder (D:2)
  A worm (D:2)
  A dart slug (D:1)
  An orc (D:2)
  2 ball pythons
  3 bats
  4 endoplasms
  3 giant cockroaches (D:1)
  8 goblins
  6 hobgoblins
  4 jackals (D:2)
  A quokka (D:1)
  2 frilled lizards
  2 kobolds
  5 rats
45 creatures vanquished.

Notes
Turn   | Place    | Note
-------+----------+-------------------------------------------
     0 | D:1      | KittyFluff the Gargoyle Berserker began the quest for the
                  | Orb.
     0 | D:1      | Reached XP level 1. HP: 14/14 MP: 1/1
   193 | D:1      | Reached XP level 2. HP: 10/19 MP: 2/2
   367 | D:1      | Reached ** piety under Trog
   368 | D:1      | Reached XP level 3. HP: 14/23 MP: 3/3
   627 | D:2      | Noticed Robin
   646 | D:2      | Killed Robin
   989 | D:2      | Reached XP level 4. HP: 25/29 MP: 4/4
  1292 | D:2      | Found a runed translucent door.
  1293 | D:2      | Noticed Crazy Yiuf
  1303 | D:2      | Slain by Crazy Yiuf

Illustrated notes

Levels and vault maps discovered:
D:1:      minmay_arrival_shattered_statue, layout_basic
D:2:      layout_basic, uniq_crazy_yiuf_cottage, uniq_robin

Skill      XL: |  1  2  3 |
---------------+----------+-----
Armour         | 3 |  3.2
Dodging        | 2 |  2.0
Fighting       | |  3.7
Maces & Flails | |  3.8

Action                     |  1- 3 |  4- 6 || total
---------------------------+-------+-------++-------
  Melee: Mace              |   110 |    33 ||   143
 Invoke: Berserk           |     1 |     1 ||     2
 Armour: Animal skin       |    52 |    19 ||    71
  Dodge: Dodged            |    76 |    27 ||   103
